AoeStats
← SlowBoy

Arabia

505797401Analyzed
1v1 RM · 21d ago on Sep 11, 2026· 57m 14s· 2 players
Game mode
Random Map
Map size
Tiny (2 player)
Population
200
Speed
Normal
Resources
Standard
Victory
Conquest
Starting age
Dark Age
Ending age
Imperial Age
RankedLock teamsTeams togetherTeam positionsShared explorationLock speedFull tech treeHidden civsTurbo modeCheats
Victory
Defeat
🇧🇷 Khmer · Brazil
1702
+21
🇦🇷 Dravidians · Argentina
1825
-21
SlowBoy
6:30 Loom
9:14 Feudal Age
10:04 Double-Bit Axe
10:36 Horse Collar
21:10 Wheelbarrow
20:44 Fletching
21:37 Gold Mining
23:58 Castle Age
22:35 Bloodlines
23:00 Scale Barding Armor
23:22 Forging
24:41 Bodkin Arrow
24:49 Husbandry
27:15 Bow Saw
30:06 Town Watch
30:22 Heavy Plow
31:13 Chain Barding Armor
32:08 Heavy Plow
33:29 Gold Shaft Mining
33:47 Iron Casting
39:15 Imperial Age
37:19 Padded Archer Armor
40:19 Conscription
39:25 Cavalier
40:42 Plate Barding Armor
40:26 Hand Cart
40:49 Bracer
41:51 Blast Furnace
41:20 Bracer
40:46 Crossbowman
42:39 Leather Archer Armor
42:57 Crop Rotation
42:16 Elite Skirmisher
43:12 Stone Mining
43:19 Arbalester
43:44 Light Cavalry
45:44 Ring Archer Armor
45:44 Hussar
47:09 Ballistics
47:50 Chemistry
47:22 Scale Mail Armor
55:30 Town Patrol
JLoops
6:31 Loom
9:09 Feudal Age
9:20 Man-at-Arms
10:44 Double-Bit Axe
17:42 Fletching
22:28 Castle Age
22:24 Horse Collar
22:32 Crossbowman
23:08 Bodkin Arrow
24:30 Bow Saw
26:12 Elite Skirmisher
29:18 Wheelbarrow
28:46 Pikeman
29:26 Squires
31:08 Forging
31:16 Scale Mail Armor
31:16 Town Watch
32:44 Iron Casting
35:17 Hand Cart
39:17 Imperial Age
37:10 Heavy Plow
38:13 Chain Mail Armor
39:21 Halberdier
40:32 Plate Mail Armor
41:23 Blast Furnace
39:46 Long Swordsman
40:11 Gambesons
41:47 Chemistry
41:21 Wootz Steel
41:20 Two-Handed Swordsman
42:03 Arson
43:44 Two-Man Saw
42:12 Champion
44:09 Conscription
47:33 Bracer
47:39 Thumb Ring
49:19 Masonry
49:14 Siphons
50:38 Padded Archer Armor
50:59 Ballistics
51:49 Leather Archer Armor
52:10 Hoardings
Connection lost

Rejoining the realm…

Still unreachable

The connection could not be restored.

Session expired

The server has moved on; the page needs a fresh start.